 Dungeon Crawl Stone Soup version 0.23.2-33-g5129a83184 (webtiles) character file.

Game seed: 3841486280900679926

10171 doot the Destroyer (level 11, -5/58 HPs)
             Began as a Tengu Venom Mage on July 4, 2019.
             Was a Priest of Sif Muna.
             Killed by a stone arrow (32 damage)
             ... invoked by the wrath of Vehumet
             ... on level 9 of the Dungeon.
             The game lasted 00:35:31 (12522 turns).

doot the Destroyer (Tengu Venom Mage)              Turns: 12522, Time: 00:35:32

Health: -5/58      AC:  9    Str:  9    XL:     11   Next: 57%
Magic:  20/33      EV: 17    Int: 19    God:    Sif Muna [***...]
Gold:   530        SH:  0    Dex: 16    Spells: 1/27 levels left

rFire    + . .     SeeInvis .   u - +2 mace of the Endless Expanse {protect, rElec rPois Dex+2 Stlth+} (curse)
rCold    . . .     Gourm    .   (no shield)
rNeg     . . .     Faith    +   r - +3 leather armour {rF+}
rPois    +         Spirit   .   (helmet restricted)
rElec    +         Reflect  .   (no cloak)
rCorr    .         Harm     .   B - +2 pair of gloves
MR       .....                  (boots unavailable)
Stlth    ++++......             o - amulet of faith
HPRegen  1.19/turn              g - ring of magical power
MPRegen  0.23/turn              (no ring)

@: flying quickly and evasively, regenerating (expiring), divine energy, quick
A: beak, talons 3, able to fly
a: Stop Flying, Stop Divine Energy, Channel Magic, Renounce Religion


You were on level 9 of the Dungeon.
You worshipped Sif Muna.
Sif Muna was most pleased with you.
You were not hungry.

You visited 2 branches of the dungeon, and saw 11 of its levels.

You collected 530 gold pieces.

Inventory:

Hand Weapons
 k - a +0 short sword
 p - a +1 short sword of electrocution
 u - the cursed +2 mace of the Endless Expanse (weapon) {protect, rElec rPois Dex+2 Stlth+}
   (You found it on level 6 of the Dungeon)

   It protects the one who uses it against injury (+AC on strike).
   It affects your dexterity (+2).
   It insulates you from electricity.
   It protects you from poison.
   It makes you more stealthy.
   It has a curse placed upon it.
 G - a +1 falchion of flaming
Armour
 a - a +0 robe
 r - a +3 leather armour of fire resistance (worn)
 w - a +1 robe of magic resistance
 x - a +0 pair of gloves
 B - a +2 pair of gloves (worn)
 D - a +2 leather armour of cold resistance
Jewellery
 g - a ring of magical power (left hand)
 o - an amulet of faith (around neck)
Wands
 F - a wand of flame (8)
 H - a wand of enslavement (7)
Scrolls
 d - 3 scrolls of fog
 e - a scroll of amnesia {unknown}
 f - 3 scrolls of remove curse
 h - 7 scrolls of identify
 i - a scroll of immolation {unknown}
 j - 2 scrolls of blinking
 l - 3 scrolls of teleportation
 m - 2 scrolls of enchant weapon
 n - a scroll of vulnerability {unknown}
 y - 2 scrolls of enchant armour
 C - a scroll of magic mapping {unknown}
Potions
 b - a potion of agility
 q - 2 potions of degeneration
 s - 3 potions of heal wounds
 t - 3 potions of curing
 v - 3 potions of lignification
 z - 2 potions of resistance
 A - a potion of berserk rage {unknown}
 E - a potion of invisibility {unknown}
Miscellaneous
 I - a fan of gales
Comestibles
 c - 19 rations


   Skills:
 + Level 2.4 Fighting
 + Level 2.5 Short Blades
 + Level 4.7 Maces & Flails
 + Level 3.0 Armour
 + Level 4.4 Dodging
 + Level 4.3 Stealth
 + Level 0.8 Unarmed Combat
 + Level 8.8 Spellcasting
 + Level 9.7 Conjurations
 + Level 1.8 Ice Magic
 + Level 7.6 Air Magic
 + Level 8.9 Poison Magic


You had one spell level left.
You knew the following spells:

 Your Spells              Type           Power        Failure   Level  Hunger
a - Sting                 Conj/Pois      ####         1%          1    None
b - Poisonous Vapours     Pois/Air       #####.       1%          2    None
c - Mephitic Cloud        Conj/Pois/Air  #####...     1%          3    None
d - Olgreb's Toxic Radia  Pois           #####...     2%          4    ###....
e - Venom Bolt            Conj/Pois      #####.....   7%          5    #####..
f - Throw Icicle          Conj/Ice       ####....     11%         4    ###....
g - Regeneration          Chrm/Necr      #.........   34%         3    None
h - Sticky Flame          Conj/Fire      ####....     16%         4    ###....

Your spell library contained the following spells:

 Spells                   Type           Power        Failure   Level  Hunger
 Flame Tongue             Conj/Fire      ####.        1%          1    None
 Magic Dart               Conj           ####         1%          1    None
 Freeze                   Ice            ###.         5%          1    None
 Animate Skeleton         Necr           N/A          12%         1    None
 Pain                     Necr           #...         12%         1    None
 Throw Frost              Conj/Ice       ####..       1%          2    None
 Throw Flame              Conj/Fire      ####..       2%          2    None
 Conjure Flame            Conj/Fire      ####....     4%          3    None
 Ozocubu's Armour         Chrm/Ice       ##......     24%         3    None
 Inner Flame              Hex/Fire       #.......     34%         3    None
 Vampiric Draining        Necr           #.........   34%         3    None
 Fireball                 Conj/Fire      ####......   41%         5    #####..
 Summon Ice Beast         Ice/Summ       ##......     61%         4    ###....
 Animate Dead             Necr           N/A          75%         4    ###....


Dungeon Overview and Level Annotations

Branches:
Dungeon (10/15)            Temple (1/1) D:7            Lair (0/6) D:10
    Orc (0/2) D:9

Altars:
Ashenzari
Cheibriados
Dithmenos
Elyvilon
Fedhas
Gozag
Hepliaklqana
Kikubaaqudgha
Makhleb
Nemelex Xobeh
Okawaru
Qazlal
Ru
Sif Muna
Trog
Uskayaw
Vehumet
Wu Jian
Xom
Yredelemnul
Zin
The Shining One

Shops:
D:9 [

Annotations:
D:8 1 exclusion


Innate Abilities, Weirdness & Mutations

You have a beak for a mouth.
You have claws for feet.
You can fly continuously.


Message History

The centaur warrior zombie barely misses you.
The centaur warrior zombie hits you but does no damage.
You hit the centaur warrior zombie. You claw the centaur warrior zombie!
The centaur warrior zombie is severely damaged.
The centaur warrior zombie barely misses you.
You hit the centaur warrior zombie.
The centaur warrior zombie is severely damaged.
The centaur warrior zombie closely misses you.
The centaur warrior zombie hits you.
You fly upwards.
There is a stone staircase leading down here.
Casting: Olgreb's Toxic Radiance (safe; 2% risk of failure)
Confirm with . or Enter, or press ? or * to list all spells.
Your skin crawls.
You start resting.
Your skin is crawling a little less now.
Vehumet rains destruction down upon you!
The stone arrow hits you!!
Ouch! That really hurt!
You die...

....(# #..............# #..#
.....# #..............# #..#
.....# #..............# #..#
.....#####..............# #..###
........................####.....
.................................
......########................###
......# #[.........####..#
.>....# #..@.......# #..#
....).########..........# #..###
...........#............# #.....
..).÷..)........).......####[....
#####..###.∩.#................###
#..# #..................<.# #..#
#.#............####..#
#####..###.##...........# #..###
........................# #...).


You could see the wrath of Vehumet (unaware).

Vanquished Creatures
  Josephine (D:10)
  Fannar (D:10)
  Harold (D:8)
  A death yak (D:9)
  An elephant (D:9)
  A troll (D:9)
  Grinder (D:4)
  2 hippogriffs
  2 dream sheep (D:8)
  Sigmund (D:6)
  A wraith (D:10)
  A wyvern (D:9)
  Eustachio (D:4)
  A steam dragon (D:9)
  2 yaks (D:8)
  Edmund (D:6)
  2 water moccasins
  An orc warrior (D:9)
  A necrophage (D:7)
  2 sky beasts
  A phantom (D:8)
  7 centaurs
  4 ogres
  2 crocodiles (D:10)
  4 big kobolds
  2 bullfrogs
  4 scorpions
  A wyvern skeleton (D:9)
  2 wights (D:7)
  9 killer bees
  2 howler monkeys (D:5)
  2 centaur zombies
  8 crimson imps
  A bullfrog zombie (D:7)
  3 jellies
  5 hounds
  4 orc priests
  A bullfrog skeleton (D:9)
  2 iguanas
  13 orc wizards
  4 worker ants
  A hound skeleton (D:4)
  4 worker ant zombies
  Robin (D:2)
  9 adders
  4 gnolls (D:9)
  A howler monkey skeleton (D:8)
  8 river rats (D:5)
  An ooze (D:3)
  An adder skeleton (D:9)
  2 worms
  4 dart slugs
  A leopard gecko (D:5)
  30 orcs
  A giant cockroach (D:3)
  13 goblins
  10 hobgoblins
  11 jackals
  15 kobolds
  12 quokkas
  6 ball pythons
  5 bats
  A frilled lizard (D:1)
  A quokka skeleton (D:5)
  26 rats
274 creatures vanquished.

Vanquished Creatures (others)
  2 plants (D:10)
  4 withered plants (D:10)
6 creatures vanquished.

Grand Total: 280 creatures vanquished

Notes
Turn   | Place    | Note
-------+----------+-------------------------------------------
     0 | D:1      | doot the Tengu Venom Mage began the quest for the Orb.
     0 | D:1      | Reached XP level 1. HP: 10/10 MP: 4/4
   135 | D:1      | Reached XP level 2. HP: 13/15 MP: 3/6
   139 | D:1      | Learned a level 2 spell: Poisonous Vapours
   883 | D:1      | Reached XP level 3. HP: 19/19 MP: 4/7
   893 | D:1      | Learned a level 3 spell: Mephitic Cloud
  1002 | D:1      | Reached skill level 1 in Air Magic
  1346 | D:2      | Noticed Robin
  1778 | D:2      | Reached XP level 4. HP: 24/24 MP: 8/8
  1801 | D:2      | Killed Robin
  2343 | D:3      | Gained mutation: You can fly continuously. [Tengu growth]
  2343 | D:3      | Reached XP level 5. HP: 28/28 MP: 10/10
  2392 | D:3      | You fall through a shaft!
  2423 | D:4      | Learned a level 4 spell: Olgreb's Toxic Radiance
  2423 | D:4      | Found an iron altar of Okawaru.
  2571 | D:4      | Noticed Grinder
  3344 | D:3      | Found a glowing golden altar of the Shining One.
  3347 | D:3      | Found a sparkling altar of Nemelex Xobeh.
  3350 | D:3      | Found a bloodstained altar of Trog.
  3537 | D:4      | Reached XP level 6. HP: 32/32 MP: 12/12
  3557 | D:5      | Entered Level 5 of the Dungeon
  3845 | D:5      | Reached skill level 1 in Short Blades
  3845 | D:5      | Reached XP level 7. HP: 21/37 MP: 7/13
  4021 | D:5      | Reached skill level 5 in Poison Magic
  4079 | D:5      | Found a hazy altar of Hepliaklqana.
  4938 | D:6      | Reached skill level 5 in Spellcasting
  4938 | D:6      | Reached skill level 5 in Air Magic
  4938 | D:6      | Reached XP level 8. HP: 42/42 MP: 16/16
  4990 | D:6      | Learned a level 5 spell: Venom Bolt
  5552 | D:6      | Found a sparkling altar of Nemelex Xobeh.
  5715 | D:6      | Got a polished mace
  5716 | D:6      | Identified the cursed +2 mace of the Endless Expanse
                  | {protect, rElec rPois Dex+2 Stlth+} (You found it on level
                  | 6 of the Dungeon)
  5928 | D:6      | Noticed Sigmund
  5942 | D:6      | Killed Sigmund
  5942 | D:6      | Reached skill level 1 in Maces & Flails
  5981 | D:6      | Noticed Edmund
  6021 | D:6      | Killed Edmund
  6418 | D:6      | Learned a level 4 spell: Throw Icicle
  6445 | D:6      | Reached skill level 3 in Conjurations
  6453 | D:6      | Reached XP level 9. HP: 40/46 MP: 19/19
  6455 | D:6      | Reached skill level 4 in Conjurations
  6541 | D:7      | Reached skill level 5 in Conjurations
  6602 | D:7      | Found a staircase to the Ecumenical Temple.
  6614 | D:7      | Reached skill level 6 in Conjurations
  6631 | Temple   | Entered the Ecumenical Temple
  6694 | Temple   | Became a worshipper of Vehumet
  6771 | Temple   | Fell from the grace of Vehumet
  6915 | D:6      | Reached skill level 7 in Conjurations
  7540 | D:4      | You are sucked into a shaft!
  7739 | D:4      | Noticed Eustachio
  7767 | D:4      | Killed Eustachio
  7767 | D:4      | Reached skill level 8 in Conjurations
  8069 | D:4      | Killed Grinder
  8069 | D:4      | Reached skill level 1 in Armour
  8373 | D:7      | Reached skill level 1 in Fighting
  8687 | D:7      | Found a deep blue altar of Sif Muna.
  8697 | D:7      | Became a worshipper of Sif Muna the Loreminder
  8704 | D:7      | Identified Sif Muna's Grimoire of Attacks
  8799 | D:8      | Noticed Harold
  8821 | D:8      | Killed Harold
  8821 | D:8      | Reached skill level 9 in Conjurations
  8821 | D:8      | Reached skill level 1 in Ice Magic
  8821 | D:8      | Reached XP level 10. HP: 45/52 MP: 4/21
  9063 | D:8      | Reached * piety under Sif Muna
  9691 | D:8      | Learned a level 3 spell: Regeneration
  9707 | D:8      | Noticed a three-headed hydra
  9967 | D:9      | Found Myisakua's Armour Shoppe.
 10097 | D:9      | Found a staircase to the Orcish Mines.
 10110 | D:9      | Reached ** piety under Sif Muna
 10125 | D:9      | Found a glowing golden altar of the Shining One.
 10470 | D:9      | Found a burning altar of Makhleb.
 10475 | D:9      | Found a glowing silver altar of Zin.
 10475 | D:9      | Noticed an angel
 10476 | D:9      | Noticed a cacodemon
 10930 | D:10     | Entered Level 10 of the Dungeon
 10937 | D:10     | Reached XP level 11. HP: 57/57 MP: 23/23
 11102 | D:10     | Noticed a death yak
 11304 | D:9      | Killed a death yak
 11428 | D:9      | Reached *** piety under Sif Muna
 11618 | D:10     | Noticed Josephine
 11631 | D:10     | HP: 2/57 [Josephine/ghostly fireball (27)]
 11828 | D:10     | Noticed Fannar
 11872 | D:10     | Killed Fannar
 11876 | D:10     | Noticed a two-headed ogre
 11890 | D:10     | Found a staircase to the Lair.
 12412 | D:10     | Learned a level 4 spell: Sticky Flame
 12502 | D:10     | Killed Josephine
 12522 | D:9      | Killed by a stone arrow

Skill      XL: |  1  2  3  4  5  6  7  8  9 10 11 |
---------------+----------------------------------+-----
Air Magic      | 1 2 4 5 6 7 |  7.6
Poison Magic   | 4 5 6 8 |  8.9
Spellcasting   | 3 5 6 7 8 |  8.8
Short Blades   | 1 2 |  2.5
Stealth        | 3 4 |  4.3
Maces & Flails | 2 3 4 |  4.7
Dodging        | 3 4 |  4.4
Conjurations   | 3 9 |  9.7
Armour         | 1 2 3 |  3.0
Fighting       | 1 2 |  2.4
Ice Magic      | 1 |  1.8
Unarmed Combat | |  0.8

Action                   |  1- 3 |  4- 6 |  7- 9 | 10-12 || total
-------------------------+-------+-------+-------+-------++-------
Melee: Short sword       |       |    29 |    25 |       ||    54
       Unarmed           |       |     9 |       |       ||     9
       Kick              |       |    15 |    33 |    50 ||    98
       Peck              |       |     4 |    26 |    24 ||    54
       Mace              |       |       |   118 |   151 ||   269
       Punch             |       |       |     1 |       ||     1
 Cast: Sting             |    13 |     1 |     4 |     6 ||    24
       Poisonous Vapours |    45 |    57 |    77 |    61 ||   240
       Olgreb's Toxic Ra |       |     4 |    24 |    28 ||    56
       Mephitic Cloud    |       |       |     9 |     6 ||    15
       Venom Bolt        |       |       |     1 |     1 ||     2
       Throw Icicle      |       |       |    16 |    21 ||    37
       Regeneration      |       |       |       |    17 ||    17
Invok: Renounce Religion |       |       |     1 |       ||     1
       Divine Energy     |       |       |       |     1 ||     1
 Abil: Fly               |       |     1 |       |       ||     1
  Use: Scroll            |       |       |     6 |     4 ||    10
       Potion            |       |       |       |     2 ||     2
 Stab: Sleeping          |       |     3 |     2 |     1 ||     6
       Confused          |       |       |     1 |     2 ||     3
       Distracted        |       |       |     1 |       ||     1
  Eat: Chunk             |     6 |    10 |    14 |    12 ||    42
       Ration            |       |       |     3 |     2 ||     5
Armor: Robe              |     6 |     4 |    26 |       ||    36
       Leather armour    |       |       |    19 |    67 ||    86
Dodge: Dodged            |    12 |    31 |   170 |   155 ||   368
